 Dungeon Crawl Stone Soup version 0.19-a0-1888-g6ba2374 (webtiles) character file.

50 Naow the Chopper (level 4, -3/35 HPs)
             Began as a Formicid Fighter on Oct 17, 2016.
             Slain by a goblin
             ... wielding a +0 dagger
             ... led by Robin
              (7 damage)
             ... on level 2 of the Dungeon.
             The game lasted 00:01:45 (1354 turns).

Naow the Chopper (Formicid Fighter)                 Turns: 1354, Time: 00:01:45

Health: -3/35      AC:  6    Str: 26    XL:     4   Next: 4%
Magic:  4/4        EV:  7    Int:  8    God:
Gold:   50         SH:  9    Dex: 10    Spells: 0 memorised, 3 levels left

rFire  . . .     SeeInvis +     a - +0 war axe
rCold  . . .     Gourm    .     b - +0 scale mail
rNeg   . . .     Faith    .     c - +0 shield
rPois  .         Spirit   .     (helmet unavailable)
rElec  .         Dismiss  .     (no cloak)
rCorr  .         Reflect  .     (no gloves)
MR     .....     Harm     .     (no boots)
Stlth  ..........               (no amulet)
                                (no ring)
                                (no ring)

@: mighty, lethally poisoned (-3 -> -6), heavily drained
A: permanent stasis, dig shafts and tunnels, four strong arms, antennae 3
a: Dig, Shaft Self


You were on level 2 of the Dungeon.
You were not hungry.

You visited 1 branch of the dungeon, and saw 2 of its levels.

You collected 50 gold pieces.

Inventory:

Hand Weapons
 a - a +0 war axe (weapon)
Armour
 b - a +0 scale mail (worn)
 c - a +0 shield (worn)
Scrolls
 e - a scroll of teleportation {unknown}
 g - a scroll of identify {unknown}
Potions
 d - a potion of might
Comestibles
 f - 2 bread rations
 h - 3 fruits


   Skills:
 - Level 3.2(1.8) Fighting
 + Level 4.0(2.4) Axes
 - Level 3.2(1.8) Armour
 - Level 3.6(2.1) Shields


You had 3 spell levels left.
You didn't know any spells.

Dungeon Overview and Level Annotations

Branches:
Dungeon (2/15)

Altars:
Makhleb
Zin

Annotations:
D:2 Robin


Innate Abilities, Weirdness & Mutations

You are under a permanent stasis effect.
You can dig through walls and to a lower floor.
Your four strong arms can wield two-handed weapons with a shield.
You have a pair of large antennae on your head. (SInv)


Message History

You are too injured to fight recklessly!
You are too injured to fight recklessly!
You slash the goblin!
You kill the goblin!
You hit the hobgoblin.
You kill the hobgoblin!
Your base Axes skill increases to level 4!
You have reached level 4!
You feel clever. Robin throws the goblin at you!
The goblin hits you but does no damage.
You miss the goblin. You barely miss the goblin.
You feel sick. You block the goblin's attack. The goblin closely misses you.
Robin roars a battlecry!
The goblin goes into a battle-frenzy!
Unknown command.
You slash the goblin!
You kill the goblin!
You closely miss the goblin.
The kobold drinks a potion.
The kobold seems to grow stronger.
The goblin hits you with a dagger!
You die...

###.. #..#.# #..#.# #
#####....# ## #.....#..#
##. #.# #.#..# ##..
...#g####.###....####.##
....gg)@gK..........'.##
...#g####†##.....####.##
{{ #.##..#.## #### {
#.##..### #.....#
####.## #.# #.# ... #


You could see Robin, a hobgoblin, 3 goblins and a kobold.

Vanquished Creatures
  An adder (D:2)
  2 oozes
  A giant cockroach (D:2)
  4 hobgoblins
  4 jackals (D:1)
  2 bats
  A frilled lizard (D:1)
  8 goblins
  3 kobolds
  4 rats (D:1)
30 creatures vanquished.

Notes
Turn   | Place    | Note
-------+----------+-------------------------------------------
     0 | D:1      | Naow the Formicid Fighter began the quest for the Orb.
     0 | D:1      | Reached XP level 1. HP: 18/18 MP: 1/1
    75 | D:1      | Reached XP level 2. HP: 10/24 MP: 2/2
   503 | D:1      | Reached skill level 3 in Axes
   667 | D:1      | Reached XP level 3. HP: 28/29 MP: 3/3
  1308 | D:2      | Found a burning altar of Makhleb.
  1309 | D:2      | Noticed a cacodemon
  1311 | D:2      | Found a glowing silver altar of Zin.
  1311 | D:2      | Noticed an angel
  1347 | D:2      | Noticed Robin
  1352 | D:2      | Reached skill level 4 in Axes
  1352 | D:2      | Reached XP level 4. HP: 4/35 MP: 4/4
  1354 | D:2      | Slain by a goblin

Vault maps used:
D:1:      erik_arrival_cave_to_civilisation, minmay_misc_feat_nine_boxes
D:2:      grunt_temple_overflow_order_and_chaos_2,
          gammafunk_temple_overflow_wave, uniq_robin

Skill      XL: |  1  2  3 |
---------------+----------+-----
Axes           | 3 4 |  4.0
Fighting       | |  3.2
Armour         | |  3.2
Shields        | |  3.6

Action                   |  1- 3 |  4- 6 || total
-------------------------+-------+-------++-------
Melee: War axe           |   101 |     2 ||   103
  Use: Potion            |     1 |       ||     1
  Eat: Chunk             |     2 |       ||     2
Armor: Scale mail        |    50 |     2 ||    52
Dodge: Dodged            |    40 |     1 ||    41
Block: Shield            |    51 |     1 ||    52
